Map: 2000 Atmospheres LE

Players

A.I. 1 (Very Easy)

  • Race: Terran Terran

DashDance - Winner!

  • Race: Zerg Zerg
  • League: Gold

VOD

Have the link to the VOD?

Description

Time

  • Played on: Nov. 23, 2021, 7:02 a.m.
  • Length: 7:58
Show
View Real Time Build Order
Export as new Build Order

A.I. 1 (Very Easy) Terran 

Build Orders:  

Get SALT Encoding   

  12  0:00  SCV  
  13  0:13  SCV  
  14  0:18  Supply Depot  
  14  0:37  Refinery  
  14  0:42  Barracks  
  14  1:02  Supply Depot  
  14  1:11  Refinery  
  14  1:28  SCV  
  14  1:29  Marine  
  16  1:41  SCV  
  17  1:53  SCV  
  18  2:04  Marine  
  18  2:05  SCV  
  20  2:17  SCV  
  21  2:29  SCV  
  22  2:39  Marine  
  22  2:41  Orbital Command  
  23  5:59  SCV, Marine  
  23  6:01  Supply Depot  
  23  6:02  Factory  
  25  6:23  SCV  
  26  6:25  Supply Depot  
  26  6:33  Barracks Tech Lab  
  26  6:35  SCV  
  26  6:38  Command Center  
  23  6:47  SCV  
  23  6:49  Starport  
  23  6:51  Marine  
  25  6:59  SCV  
  26  7:11  SCV  
  27  7:25  Starport Tech Lab, Marauder  
  25  7:42  SCV  
Show
View Real Time Build Order
Export as new Build Order

DashDance Zerg - Winner!

Build Orders: Hatch First 

Get SALT Encoding   

  12  0:00  Drone  
  13  0:12  Overlord  
  13  0:16  Drone  
  14  0:31  Drone x2  
  14  0:34  Drone  
  17  0:52  Hatchery  
  17  0:56  Drone  
  17  0:58  Drone  
  18  1:09  Extractor  
  17  1:14  Spawning Pool  
  17  1:16  Drone  
  17  1:20  Drone  
  18  1:28  Drone  
  19  1:38  Overlord  
  19  1:56  Drone  
  20  2:04  Queen x2  
  20  2:05  Zergling x4  
  26  2:13  Metabolic Boost  
  26  2:17  Drone x2  
  26  2:22  Drone  
  29  2:30  Drone  
  29  2:34  Overlord  
  30  2:39  Drone  
  30  2:40  Queen  
  30  2:43  Drone  
  34  2:48  Drone  
  35  3:00  Hatchery  
  35  3:03  Drone x2  
  36  3:16  Drone x4  
  36  3:19  Overlord x2  
  40  3:26  Drone  
  40  3:27  Drone x2  
  43  3:28  Drone  
  43  3:33  Lair  
  44  3:40  Roach Warren  
  43  3:42  Extractor  
  42  3:49  Drone x2  
  42  3:50  Drone x2, Extractor x2  
  43  4:00  Drone x2  
  45  4:18  Queen  
  45  4:20  Overlord  
  47  4:27  Evolution Chamber  
  47  4:28  Evolution Chamber, Drone x2  
  47  4:33  Roach x7  
  61  4:43  Drone x3  
  61  4:44  Drone x2  
  66  4:49  Glial Reconstitution  
  66  4:56  Zerg Missile Weapons Level 1  
  66  4:57  Zerg Ground Armor Level 1  
  66  5:05  Drone  
  66  5:06  Overlord  
  67  5:07  Overlord  
  67  5:27  Roach x2  
  67  5:28  Roach x5  
  81  5:44  Overlord x2  
  81  5:56  Roach x4  
  89  6:00  Hydralisk Den  
  88  6:05  Overlord x3  
  88  6:09  Drone  
  89  6:11  Drone  
  89  6:14  Drone x2, Hatchery  
  89  6:15  Drone x2  
  93  6:35  Roach x7  
  107  6:46  Roach  
  107  6:47  Roach x8  
  126  7:02  Overlord x3  
  126  7:05  Drone x3  
  129  7:11  Extractor x2  
Tags
 
Add a new tag
Caveats
  • Supply blocks, unpowered buildings, or Contaminate may cause inaccurate times.
  • Supply counts are checked every 10 seconds.